 Dungeon Crawl Stone Soup version 0.25-a0-413-g3b4b6a4ccc (webtiles) character file.

Game seed: 9757931089951581535, levelgen mode: deterministic

60 MrRokkomies the Ducker (level 3, -15/19 HPs)
             Began as a Spriggan Abyssal Knight on Jan 17, 2020.
             Was a Follower of Lugonu.
             Killed from afar by a wretched star (21 damage)
             ... with a lance of force
             ... on level 3 of the Abyss.
             The game lasted 00:02:00 (303 turns).

MrRokkomies the Ducker (Spriggan Abyssal Knight)     Turns: 303, Time: 00:02:02

Health: -15/19     AC:  4    Str:  9    XL:     3   Next: 82%
Magic:  5/5        EV: 19    Int: 13    God:    Lugonu [*.....]
Gold:   25         SH:  0    Dex: 15    Spells: 2/2 levels left

rFire    . . .     SeeInvis +   j - +3 flail
rCold    . . .     Gourm    .   (shield restricted)
rNeg     . . .     Faith    .   b - +0 robe
rPois    .         Spirit   .   (helmet restricted)
rElec    .         Reflect  .   (no cloak)
rCorr    .         Harm     .   (gloves unavailable)
MR       .....                  (boots unavailable)
Stlth    +.........             (no amulet)
HPRegen  0.06/turn              g - +2 ring of protection
MPRegen  0.09/turn              (no ring)

@: very quick
A: very small, unfitting armour, see invisible, herbivore, speed 3, [screaming
2], slow metabolism 2
a: Depart the Abyss, Renounce Religion


You were on level 3 of the Abyss.
You worshipped Lugonu.
Lugonu was aware of your devotion.
You were not hungry.

You visited 0 branches of the dungeon, and saw 0 of its levels.
You visited the Abyss 1 time.

You collected 25 gold pieces.

Inventory:

Hand Weapons
 a - a +1 short sword
 j - a +3 flail (weapon)
Armour
 b - a +0 robe (worn)
Jewellery
 g - a +2 ring of protection (left hand)
Wands
 i - a wand of acid (6)
Scrolls
 d - a scroll of identify {unknown}
 e - a scroll of fog {unknown}
 f - 2 scrolls of teleportation {unknown}
Potions
 h - a potion of invisibility {unknown}
Comestibles
 c - 2 rations


   Skills:
 - Level 2.4 Fighting
 * Level 3.2 Short Blades
 + Level 4.1 Dodging
 + Level 2.3 Invocations
 * Level 2.5 Evocations


You had 2 spell levels left.
You didn't know any spells.
Your spell library contained the following spells:

 Spells                   Type           Power        Failure   Level  Hunger
 Summon Butterflies       Summ           #.......     30%         1    ##.....
 Call Canine Familiar     Summ           #.......     67%         3    ####...
 Summon Ice Beast         Ice/Summ       #.......     97%         4    #####..
 Summon Mana Viper        Hex/Summ       #.......     100%        5    ######.
 Summon Hydra             Summ           #.........   100%        7    #######


Dungeon Overview and Level Annotations

Branches:
Dungeon (0/15)

Altars:


Innate Abilities, Weirdness & Mutations

You are very small and have problems with some larger weapons.
You are too small for most types of armour.
You have supernaturally acute eyesight. (SInv)
You are a herbivore.
You cover ground extremely quickly.
You need to consume almost no food.
[You sometimes yell uncontrollably at your foes.]


Message History

Press: ? - help, Shift-Dir - straight line, f/p - wretched star
Aim: a wretched star (moderately damaged, covered in acid)
The bolt of acid hits the wretched star!
The wretched star is splashed with acid.
The wretched star seems to be corroded for longer.
The wretched star is severely damaged.
The wretched star glows turbulently.
The lance of force misses you.
Evoke which item? (* to show all) (? for menu, Esc to quit)
Aiming: Corrosive Bolt
Press: ? - help, Shift-Dir - straight line, f/p - wretched star
Aim: a wretched star (severely damaged, covered in acid)
The bolt of acid hits the wretched star!
The wretched star is splashed with acid.
The wretched star seems to be corroded for longer.
The wretched star is almost destroyed.
The wretched star glows turbulently.
The lance of force hits you!!
Ouch! That really hurt!
You die...

.#. ..#..##..###.. .
#...#..# .........
.#.## ### .........#
## ##!#.## ##....##.#
. . #
#....####.......##
#.##....##.#.......##.
#..
.......ยง#........# #
.#.#..#..........#.#
.#.#.......##*@.....#
... . ....
.##..#...... ....
....##.$.### #...#
##..#.#...#.##.. .#.
##......#.## #.#
..#.....#.. # .
.X####..## ..# .# .. .


You could see a wretched star.

Vanquished Creatures
  A small abomination (Abyss:3)
1 creature vanquished.

Notes
Turn   | Place    | Note
-------+----------+-------------------------------------------
     0 | Abyss:1  | MrRokkomies the Spriggan Abyssal Knight began the quest for
                  | the Orb.
     0 | Abyss:1  | Reached XP level 1. HP: 11/11 MP: 3/3
    54 | Abyss:1  | Noticed an ancient zyme
    62 | Abyss:1  | Noticed a cacodemon
    63 | Abyss:1  | Noticed a hell hound
    72 | Abyss:1  | Noticed an eye of draining
    79 | Abyss:1  | Noticed a quasit
    95 | Abyss:1  | Noticed a large abomination
    99 | Abyss:1  | Noticed an iron imp
   100 | Abyss:1  | Noticed a worldbinder
   110 | Abyss:1  | Noticed a naga
   110 | Abyss:1  | Noticed a black mamba
   110 | Abyss:1  | Noticed a large abomination
   111 | Abyss:1  | Noticed a mana viper
   116 | Abyss:1  | Noticed a wretched star
   120 | Abyss:1  | Noticed a smoke demon
   124 | Abyss:1  | Noticed a black mamba
   134 | Abyss:1  | Noticed an ancient zyme
   139 | Abyss:2  | Found a corrupted altar of Lugonu.
   157 | Abyss:2  | Noticed an apocalypse crab
   168 | Abyss:2  | Noticed a sun demon
   168 | Abyss:2  | Noticed a sun demon
   180 | Abyss:2  | Found a corrupted altar of Lugonu.
   213 | Abyss:3  | Noticed a small abomination
   238 | Abyss:3  | Killed a small abomination
   238 | Abyss:3  | Reached skill level 4 in Dodging
   238 | Abyss:3  | Reached XP level 2. HP: 13/16 MP: 4/4
   238 | Abyss:3  | Reached XP level 3. HP: 16/19 MP: 5/5
   249 | Abyss:3  | Noticed an insubstantial wisp
   279 | Abyss:3  | Noticed a wretched star
   279 | Abyss:3  | Noticed a large abomination
   290 | Abyss:3  | Noticed a starcursed mass
   303 | Abyss:3  | Killed from afar by a wretched star

Levels and vault maps discovered:
Abyss:3:  evilmike_abyss_rune_tso_outpost

Skill      XL: |  1 |
---------------+----+-----
Short Blades   | 3 |  3.2
Dodging        | 4 |  4.1
Invocations    | 2 |  2.3
Evocations     | 2 |  2.5
Fighting       | |  2.4

Action                   || total
-------------------------++-------
Evoke: Wand              ||     6
Dodge: Dodged            ||     3

Table legend:
 A = Non-vault XP
 B = Vault XP
 C = Vault XP percentage of total XP
 D = Non-vault monster count
 E = Vault monster count
 F = Vault count percentage of total count
                 A         B        C        D         E       F
            +---------+---------+-------+---------+---------+-------
      Total |      87 |       0 |   0.0 |       1 |       0 |   0.0
            +---------+---------+-------+---------+---------+-------
    Abyss:3 |      87 |       0 |   0.0 |       1 |       0 |   0.0
            +---------+---------+-------+---------+---------+-------
